 Dungeon Crawl Stone Soup version 0.19-b1-4-gd8a0a2a (webtiles) character file.

1936 spe3d0 the Covered (level 8, 0/58 HPs)
             Began as a Demonspawn Fighter on Oct 31, 2016.
             Was a Believer of Okawaru.
             Slain by a killer bee (1 damage)
             ... on level 7 of the Dungeon.
             The game lasted 00:13:03 (7090 turns).

spe3d0 the Covered (Demonspawn Fighter)             Turns: 7090, Time: 00:13:03

Health: 0/58       AC: 15    Str: 16    XL:     8   Next: 97%
Magic:  8/8        EV:  8    Int:  9    God:    Okawaru [**....]
Gold:   329        SH: 10    Dex: 16    Spells: 0 memorised, 7 levels left

rFire  + . .     SeeInvis .     F - +3 falchion "Yros" {venom, +Fly MR+} (curse)
rCold  . . .     Gourm    .     k - +3 ring mail {rF+}
rNeg   . . .     Faith    .     c - +0 shield
rPois  .         Spirit   .     (helmet restricted)
rElec  .         Reflect  .     d - +0 cloak
rCorr  .         Harm     .     (no gloves)
MR     ++...                    r - +0 pair of boots
Stlth  ++........               (no amulet)
                                M - ring of protection from magic
                                Q - ring of stealth

@: lethally poisoned (0 -> -13)
A: antennae 2, icy blue scales 2, powered by death 1
a: Heroism, Renounce Religion, Evoke Flight


You were on level 7 of the Dungeon.
You worshipped Okawaru.
Okawaru was pleased with you.
You were not hungry.

You visited 1 branch of the dungeon, and saw 7 of its levels.

You collected 329 gold pieces.


Innate Abilities, Weirdness & Mutations

You have a pair of antennae on your head.
You are mostly covered in icy blue scales. (AC +3)
You regenerate a little health from kills.


   Skills:
 - Level 3.0 Fighting
 - Level 4.7(5.4) Axes
 * Level 3.9(5.0) Maces & Flails
 * Level 6.8 Armour
 * Level 6.7 Shields


You had 7 spell levels left.
You didn't know any spells.

Inventory:

Hand Weapons
 a - a +1 war axe
 D - a +0 morningstar of crushing
 F - the cursed +3 falchion "Yros" (weapon) {venom, +Fly MR+}
   (You found it on level 6 of the Dungeon)

   It poisons the flesh of those it strikes.
   It affects your resistance to hostile enchantments.
   It lets you fly.
   It has a curse placed upon it.
Missiles
 B - 5 curare-tipped needles {=f}
Armour
 b - a +0 scale mail
 c - a +0 shield (worn)
 d - a +0 cloak (worn)
 k - a +3 ring mail of fire resistance (worn)
 r - a +0 pair of boots (worn)
 x - a +0 cloak
Jewellery
 C - an uncursed ring of protection from cold
 M - a ring of protection from magic (right hand)
 Q - a ring of stealth (left hand)
 Z - an uncursed ring of wizardry
Wands
 j - a wand of acid (8/15)
 s - a wand of flame (30/48)
Scrolls
 e - a scroll of identify {@r1}
 h - a scroll of fog
 n - 2 scrolls of teleportation {@r4}
 p - a scroll of noise {!r}
 u - a scroll of recharging
 w - a scroll of blinking
 y - 2 scrolls of random uselessness
Potions
 m - a potion of heal wounds {@q2}
 o - 2 potions of agility
 E - 2 potions of flight
Comestibles
 f - 4 bread rations {@e1}
 i - 3 beef jerkies {@e2}
 l - 2 slices of pizza {@e2}
 t - a fruit {@e2}
 v - 3 meat rations {@e1}

Dungeon Overview and Level Annotations

Branches:
Dungeon (7/15)             Temple (0/1) D:4

Altars:
Ashenzari
Makhleb
Okawaru
Xom
Zin
The Shining One

Shops:
D:4

} ##.. ## ...
..###..######
...........###
#........^...
##..........#
#...y..####.#
#...y@##W$###
#...yy#SY)$##
#####....#y.(/+#
.........##..##.
.......<..#####+
.$...........##)
.............#5.
..........##.##$
..y......## ..##


You could see a hungry ghost, a sky beast, 5 killer bees, a crimson imp and an
adder.


Message History

You hit the worker ant zombie.
The worker ant zombie is almost destroyed.
* * * LOW HITPOINT WARNING * * *
You feel very sick.
The killer bee stings you but does no damage.
The killer bee barely misses you.
You riposte.
You miss the killer bee. You block the killer bee's attack.
The killer bee stings you.
* * * LOW HITPOINT WARNING * * *
You are more poisoned.
The killer bee poisons you!
The killer bee stings you but does no damage.
You block the killer bee's attack.
The killer bee stings you but does no damage.
You block the killer bee's attack. The worker ant zombie bites you.
* * * LOW HITPOINT WARNING * * *
The killer bee stings you.
* * * LOW HITPOINT WARNING * * *
You hit the worker ant zombie.
You destroy the worker ant zombie!
Okawaru accepts your kill.
* * * LOW HITPOINT WARNING * * *
You feel very sick.
The killer bee stings you but does no damage. x2
The killer bee barely misses you.
You riposte.
You hit the killer bee.
The killer bee is poisoned.
The killer bee is moderately wounded.
The killer bee stings you but does no damage.
You block the killer bee's attack. The killer bee barely misses you. x3
You block the killer bee's attack. The killer bee stings you.
You die...

Skill      XL: |  1  2  3  4  5  6  7  8 |
---------------+-------------------------+-----
Axes           | 2 3 4 |  4.7
Armour         | 3 4 5 6 |  6.8
Shields        | 3 4 5 6 |  6.7
Maces & Flails | 1 3 |  3.9
Fighting       | |  3.0

Action                   |  1- 3 |  4- 6 |  7- 9 || total
-------------------------+-------+-------+-------++-------
Melee: War axe           |   136 |   268 |    86 ||   490
       Morningstar       |       |       |   108 ||   108
       Falchion          |       |       |    17 ||    17
Invok: Heroism           |       |       |     2 ||     2
  Use: Potion            |       |     7 |     1 ||     8
       Scroll            |       |     4 |    10 ||    14
 Stab: Distracted        |       |       |     1 ||     1
  Eat: Chunk             |     1 |     9 |     2 ||    12
       Bread ration      |       |     1 |     1 ||     2
Armor: Scale mail        |   105 |   153 |       ||   258
       Ring mail         |       |       |   140 ||   140
Dodge: Dodged            |    51 |    91 |    94 ||   236
Block: Shield            |    80 |   155 |   149 ||   384
       Rpst.: Falchion   |       |       |     9 ||     9

Vault maps used:
D:1:      erik_arrival_triangle_small, serial_park_tiny_pond,
          roderic_roman_lattice, minmay_misc_feat_encased
D:2:      nicolae_ashenzari_panopticon, serial_glass, glass_columns_a,
          glass_columns_c, uniq_crazy_yiuf_cottage
D:3:      lemuel_round_altar, okawaru_altar_gauntlet_db
D:4:      serial_shops, kennysheep_mini_moat, minmay_misc_feat_square
D:5:      first_bread
D:6:      grunt_temple_overflow_order_and_chaos_2, basic_altar
D:7:      chequers_temple_overflow_statue_of_worship, minmay_joined_circles

Notes
Turn   | Place    | Note
-------+----------+-------------------------------------------
     0 | D:1      | spe3d0 the Demonspawn Fighter began the quest for the Orb.
     0 | D:1      | Reached XP level 1. HP: 18/18 MP: 1/1
    19 | D:1      | Reached skill level 2 in Axes
   137 | D:1      | Gained mutation: You regenerate a little health from kills. [demonic ancestry]
   137 | D:1      | Reached XP level 2. HP: 17/24 MP: 2/2
   210 | D:1      | Reached skill level 3 in Armour
   382 | D:1      | Reached skill level 3 in Shields
   774 | D:2      | Gained mutation: You are partially covered in icy blue scales. (AC +2) [demonic ancestry]
   774 | D:2      | Reached XP level 3. HP: 26/29 MP: 3/3
   927 | D:2      | Found a runed door.
  1054 | D:2      | Reached XP level 4. HP: 29/35 MP: 4/4
  1449 | D:2      | Found a shattered altar of Ashenzari.
  1651 | D:2      | Noticed Crazy Yiuf
  1654 | D:2      | Killed Crazy Yiuf
  1654 | D:2      | Reached skill level 3 in Axes
  1654 | D:2      | Gained mutation: You have a pair of small antennae on your head. [demonic ancestry]
  1654 | D:2      | Reached XP level 5. HP: 41/41 MP: 5/5
  1787 | D:3      | Reached skill level 4 in Armour
  1840 | D:3      | Found a glowing golden altar of the Shining One.
  1946 | D:3      | Noticed fishi's ghost (weakling OpGl)
  1961 | D:3      | Killed fishi's ghost
  2137 | D:3      | Found an iron altar of Okawaru.
  2144 | D:3      | Reached skill level 4 in Shields
  2160 | D:3      | Became a worshipper of Warmaster Okawaru
  2446 | D:4      | Gained mutation: You have a pair of antennae on your head. [demonic ancestry]
  2446 | D:4      | Reached XP level 6. HP: 44/47 MP: 6/6
  3223 | D:4      | Found a staircase to the Ecumenical Temple.
  3315 | D:4      | Found Archofruc's Gadget Shoppe.
  3617 | D:5      | Entered Level 5 of the Dungeon
  3637 | D:5      | Noticed an ice beast
  3644 | D:5      | Reached skill level 4 in Axes
  3673 | D:4      | Identified a potion of resistance
  4476 | D:5      | Gained mutation: You are mostly covered in icy blue scales. (AC +3) [demonic ancestry]
  4476 | D:5      | Reached XP level 7. HP: 52/52 MP: 7/7
  4750 | D:5      | Reached * piety under Okawaru
  4750 | D:5      | Reached skill level 5 in Armour
  4750 | D:5      | Reached skill level 5 in Shields
  5477 | D:5      | HP: 5/52 [orc priest/nerve-wracking pain (13)]
  5478 | D:5      | Reached skill level 1 in Maces & Flails
  5842 | D:5      | Reached XP level 8. HP: 24/58 MP: 5/8
  6282 | D:6      | Reached skill level 2 in Maces & Flails
  6335 | D:6      | Noticed ENesbit's ghost (novice HESk)
  6355 | D:6      | Killed ENesbit's ghost
  6355 | D:6      | Reached ** piety under Okawaru
  6355 | D:6      | Reached skill level 3 in Maces & Flails
  6355 | D:6      | Reached skill level 6 in Armour
  6355 | D:6      | Reached skill level 6 in Shields
  6686 | D:6      | Found a shimmering altar of Xom.
  6953 | D:6      | Got an encrusted falchion
  6954 | D:6      | Identified the cursed +3 falchion "Yros" {venom, +Fly MR+} (You found it on level 6 of the Dungeon)
  7037 | D:6      | Found a burning altar of Makhleb.
  7038 | D:6      | Found a glowing silver altar of Zin.
  7038 | D:6      | Noticed an angel
  7039 | D:6      | Noticed an Executioner
  7089 | D:7      | HP: 4/58 [killer bee (6)]
  7090 | D:7      | HP: 1/58 [poisoned by a killer bee]
  7090 | D:7      | Slain by a killer bee

Vanquished Creatures
  The ghost of ENesbit the Carver, a novice HESk (D:6)
  An orc warrior (D:5)
  An ice beast (D:6)
  An ogre (D:6)
  A centaur (D:5)
  A bullfrog (D:5)
  2 killer bees (D:7)
  3 wights (D:6)
  A centaur zombie (D:5)
  A bullfrog zombie (D:5)
  A bullfrog skeleton (D:5)
  A centaur skeleton (D:6)
  A hound (D:6)
  4 orc priests
  Crazy Yiuf (D:2)
  6 orc wizards
  An iguana (D:5)
  6 worker ants
  The ghost of fishi the Insei, a weakling OpGl (D:3)
  A worker ant zombie (D:7)
  11 adders
  3 shadow imps
  An ooze (D:3)
  An adder zombie (D:6)
  2 worms (D:2)
  A dart slug (D:4)
  3 leopard geckos
  22 orcs
  6 giant cockroaches
  12 goblins
  14 hobgoblins
  11 jackals
  6 kobolds
  5 quokkas
  3 ball pythons
  7 bats
  8 frilled lizards
  A jackal zombie (D:5)
  A quokka zombie (D:6)
  7 rats
161 creatures vanquished.
